 Dungeon Crawl Stone Soup version 0.29-a0-1016-g236c7fd91e (webtiles) character file.

Game seed: 5462569577648833069

464 Tocho the Poker (level 6, -6/46 HPs)
             Began as a Demonspawn Gladiator on July 27, 2022.
             Mangled by an ogre
             ... wielding a +0 giant spiked club
              (21 damage)
             ... on level 4 of the Dungeon on Aug 9, 2022.
             The game lasted 00:09:06 (3502 turns).

Tocho the Poker (Demonspawn Gladiator)              Turns: 3502, Time: 00:09:06

Health: -6/46      AC:  4    Str: 14    XL:     6   Next: 80%
Magic:  6/6        EV: 13    Int: 11    God:
Gold:   195        SH:  5    Dex: 21    Spells: 5/5 levels left

rFire   . . .      SeeInvis .   a - +0 trident
rCold   . . .      Faith    .   j - +0 buckler
rNeg    . . .      Spirit   .   b - +0 leather armour
rPois   .          Reflect  .   c - +0 helmet
rElec   .          Harm     .   (no cloak)
rCorr   .          Rampage  .   (no gloves)
Will    .....                   (no boots)
Stlth   ++........              (no amulet)
HPRegen 0.15/turn               o - +6 ring of dexterity
MPRegen 0.10/turn               (no ring)

@: no status effects
A: powered by death 1, demonic magic 1
a: no special abilities


You were on level 4 of the Dungeon.
You visited 1 branch of the dungeon, and saw 4 of its levels.

You collected 195 gold pieces.

Inventory:

Hand Weapons
 a - a +0 trident (weapon)
Missiles
 h - 6 curare-tipped darts
 n - a poisoned dart (quivered)
Armour
 b - a +0 leather armour (worn)
 c - a +0 helmet (worn)
 j - a +0 buckler (worn)
Jewellery
 o - a +6 ring of dexterity (left hand)
 t - a ring of flight
Scrolls
 d - a scroll of vulnerability {unknown}
 g - a scroll of blinking {unknown}
 i - 6 scrolls of identify {unknown}
 k - 3 scrolls of immolation {unknown}
 p - a scroll of poison {unknown}
 q - a scroll of fear {unknown}
 r - a scroll of teleportation {unknown}
 u - a scroll of torment {unknown}
Potions
 f - 4 potions of brilliance {unknown}
 l - 2 potions of curing {unknown}
 m - a potion of mutation {unknown}
 s - a potion of might {unknown}
 v - 2 potions of degeneration {unknown}


   Skills:
 + Level 2.7 Fighting
 * Level 5.5 Polearms
 + Level 1.8 Throwing
 + Level 1.4 Armour
 + Level 3.4 Dodging
 + Level 1.1 Stealth
 * Level 2.0 Shields


You had 5 spell levels left.
You didn't know any spells.
Your spell library contained the following spells:

 Spells                   Type           Power      Damage    Failure   Level
 Sting                    Tmut/Pois      0%         1d3       52%         1
 Poisonous Vapours        Pois/Air       0%         N/A       65%         2
 Animate Dead             Necr           0%         N/A       99%         4
 Olgreb's Toxic Radiance  Pois           0%         N/A       99%         4
 Borgnjor's Vile Clutch   Necr/Erth      0%         N/A       100%        5
 Death Channel            Necr           0%         N/A       100%        6


Dungeon Overview and Level Annotations

Branches:
Dungeon (4/15)
 Temple: D:4-7

Altars:


Innate Abilities, Weirdness & Mutations

You regenerate a little health from kills.
Spells you cast may paralyse adjacent enemies.


Message History

Okay, then.
Throw: 5 darts (poison)
Press: ? - help, Q - select action, (/) - cycle Shift-Dir - straight line, f/p - ogre
Aim: an ogre, wielding a +0 giant spiked club (moderately wounded, 77% to hit)
You throw a poisoned dart. The poisoned dart hits the ogre.
The ogre is poisoned.
The ogre is moderately wounded.
Throw: 4 darts (poison)
Press: ? - help, Q - select action, (/) - cycle Shift-Dir - straight line, f/p - ogre
Aim: an ogre, wielding a +0 giant spiked club (heavily wounded, poisoned, 77% to hit)
You throw a poisoned dart. The poisoned dart hits the ogre.
The ogre looks even sicker.
The ogre is heavily wounded.
Throw: 3 darts (poison)
Press: ? - help, Q - select action, (/) - cycle Shift-Dir - straight line, f/p - ogre
Aim: an ogre, wielding a +0 giant spiked club (heavily wounded, very poisoned, 77% to hit)
You throw a poisoned dart. The poisoned dart hits the ogre.
The ogre looks even sicker.
The ogre is heavily wounded.
Throw: 2 darts (poison)
Press: ? - help, Q - select action, (/) - cycle Shift-Dir - straight line, f/p - ogre
Aim: an ogre, wielding a +0 giant spiked club (moderately wounded, very poisoned, 77% to hit)
You throw a poisoned dart.
The poisoned dart completely misses the ogre.
You puncture the ogre!
The ogre is severely wounded.
The ogre hits you with a +0 giant spiked club!!
Ouch! That really hurt!
You barely miss the ogre.
The ogre is severely wounded.
The ogre closely misses you.
You hit the ogre.
The ogre is almost dead.
You hit the ogre but do no damage.
The ogre is almost dead.
You block the ogre's attack.
You completely miss the ogre.
The ogre is almost dead.
The ogre hits you with a +0 giant spiked club!!
You die...

#.# #)# #(#.#
##.########
#.#.###......>...
#..............##
#.......###..........
#.###.#.##...#####.##
#.#.#.#.#.####.#
###.#.....?......
.[.....@#.#.#....
###.##.O<..##.#... #
#.......... ..
#(.......... .
..(..#........
###(###.#####.. #(
#.# . #. #.# #.


You could see an ogre (very poisoned).

Vanquished Creatures
  Edmund (D:4)
  An ice beast (D:3)
  An ogre (D:2)
  A phantom (D:3)
  2 adders (D:2)
  2 worms
  3 dart slugs
  An orc (D:3)
  10 ball pythons
  9 endoplasms
  4 giant cockroaches
  3 hobgoblins
  6 jackals
  3 quokkas
  13 bats
  4 frilled lizards
  5 goblins
  7 kobolds
  4 rats
80 creatures vanquished.

Notes
Turn   | Place    | Note
-------+----------+-------------------------------------------
     0 | D:1      | Tocho the Demonspawn Gladiator began the quest for the Orb.
     0 | D:1      | Reached XP level 1. HP: 16/16 MP: 1/1
   144 | D:1      | Reached skill level 3 in Polearms
   313 | D:1      | Gained mutation: You regenerate a little health from kills.
                  | [demonic ancestry]
   313 | D:1      | Reached XP level 2. HP: 19/22 MP: 2/2
  1000 | D:1      | Gained mutation: Spells you cast may paralyse adjacent
                  | enemies. [demonic ancestry]
  1000 | D:1      | Reached XP level 3. HP: 25/27 MP: 3/3
  1191 | D:1      | Found a faded altar of an unknown god.
  1303 | D:2      | Noticed an ogre
  1312 | D:2      | Killed an ogre
  1313 | D:2      | Reached skill level 4 in Polearms
  1313 | D:2      | Reached XP level 4. HP: 33/33 MP: 4/4
  1611 | D:2      | Reached skill level 1 in Shields
  1742 | D:2      | Reached XP level 5. HP: 39/39 MP: 5/5
  1742 | D:2      | Upgraded the game from 0.29-a0-919-gd064cfad1c to
                  | 0.29-a0-1016-g236c7fd91e
  2756 | D:3      | Noticed an ice beast
  2762 | D:3      | Killed an ice beast
  2763 | D:3      | Reached skill level 1 in Armour
  2763 | D:3      | Reached XP level 6. HP: 41/46 MP: 6/6
  2886 | D:3      | Reached skill level 5 in Polearms
  3374 | D:4      | Noticed Edmund
  3420 | D:4      | Killed Edmund
  3421 | D:4      | Reached skill level 1 in Stealth
  3502 | D:4      | Mangled by an ogre

Illustrated notes

Levels and vault maps discovered:
D:1:      scummos_arrival_checkerplants, layout_basic,
          dilly_ecumenical_altar_fadedgnrine, minmay_pentomino_s4
D:2:      minmay_door_path, layout_rooms, chequers_hall_statues_y
D:3:      minmay_angry_zag, layout_loops_ring
D:4:      layout_loops_ring, mainiacjoe_overflow_catch_the_wave, serial_shops,
          nicolae_shop_advertising_works [nicolae_subvault_shop_adworks],
          uniq_edmund

Skill      XL: |  1  2  3  4  5  6 |
---------------+-------------------+-----
Polearms       | 3 4 5 |  5.5
Dodging        | 3 |  3.4
Shields        | 1 2 |  2.0
Armour         | 1 |  1.4
Stealth        | 1 |  1.1
Fighting       | |  2.7
Throwing       | |  1.8

Action                   |  1- 3 |  4- 6 || total
-------------------------+-------+-------++-------
Melee: Trident           |    91 |   211 ||   302
Throw: Throwing net      |     1 |     4 ||     5
       Dart              |       |     4 ||     4
       Javelin           |       |     1 ||     1
 Stab: Sleeping          |     3 |     5 ||     8
       Held in net/web   |     2 |     4 ||     6
Armor: Leather armour    |    32 |    33 ||    65
Dodge: Dodged            |    51 |    86 ||   137
Block: Buckler           |    10 |    30 ||    40

Table legend: (Time is in decaauts)
 A = Elapsed time spent in this place.
 B = Non-inter-level travel time spent in this place.
 C = Inter-level travel time spent in this place.
 D = Time resting spent in this place.
 E = Time spent auto-exploring this place.
 F = Levels seen in this place.
 G = Mean time per level.
                   A        B        C        D        E       F      G
               +--------+--------+--------+--------+--------+-----+--------+
         Total |   3541 |   3319 |    222 |      0 |   2632 |   4 |  885.2 |
       Dungeon |   3541 |   3319 |    222 |      0 |   2632 |   4 |  885.2 |
               +--------+--------+--------+--------+--------+-----+--------+

Top non-repeatable levels by time:
     D:1: 1317 daAuts
     D:2: 1071 daAuts
     D:3: 966 daAuts
     D:4: 186 daAuts
